 Dungeon Crawl Stone Soup version 0.30-a0-964-gd452b5e7fa (webtiles) character file.

Game seed: 11495195026732611542

35 vishdafish the Conjurer (level 3, 24/24 HPs)
             Began as a Demonspawn Conjurer on Mar 30, 2023.
             Quit the game on level 2 of the Dungeon.
             The game lasted 00:00:55 (921 turns).

vishdafish the Conjurer (Demonspawn Conjurer)        Turns: 921, Time: 00:00:56

Health: 24/24      AC:  2    Str:  7    XL:     3   Next: 17%
Magic:  7/7        EV: 12    Int: 21    God:
Gold:   55         SH:  4    Dex: 11    Spells: 6/7 levels left

rFire   . . .      SeeInvis .    j - +0 long sword
rCold   . . .      Faith    .    (no shield)
rNeg    . . .      Spirit   .    a - +0 robe
rPois   .          Reflect  .    (helmet restricted)
rElec   .          Rampage  .    (no cloak)
rCorr   .                        (no gloves)
Will    .....                    (no boots)
Stlth   ++                       (no amulet)
HPRegen 0.24/turn                d - ring of wizardry
MPRegen 0.10/turn                (no ring)

@: no status effects
A: horns 1, condensation shield
a: no special abilities


You were on level 2 of the Dungeon.
You visited 1 branch of the dungeon, and saw 2 of its levels.

You collected 91 gold pieces.
You spent 36 gold pieces at shops.

Inventory:

Hand Weapons
 j - a +0 long sword (weapon)
Armour
 a - a +0 robe (worn)
Jewellery
 b - a ring of protection from cold
 d - a ring of wizardry (left hand)
 h - a ring of positive energy
Scrolls
 c - a scroll of amnesia {unknown}
 e - 2 scrolls of teleportation
 f - a scroll of fear {unknown}
 g - a scroll of magic mapping {unknown}
 i - a scroll of poison {unknown}
Potions
 k - a potion of attraction {unknown}
 l - a potion of magic


   Skills:
 - Level 1.7 Dodging
 - Level 1.7 Stealth
 + Level 2.8 Spellcasting
 + Level 4.5 Conjurations


You had 6 spell levels left.
You knew the following spells:

 Your Spells              Type           Power      Damage    Failure   Level
a - Magic Dart            Conj           88%        1d7       1%          1

Your spell library contained the following spells:

 Spells                   Type           Power      Damage    Failure   Level
 Searing Ray              Conj           44%        2d6       1%          2
 Slow                     Hex            8%         N/A       6%          1
 Dazzling Flash           Conj/Hex       24%        N/A       6%          3
 Confusing Touch          Hex            2%         N/A       16%         3
 Vampiric Draining        Necr           2%         2d6       16%         3
 Fulminant Prism          Conj/Hex       6%         3d7       21%         4
 Iskenderun's Mystic Bla  Conj/Tloc      12%        2d5       21%         4


Dungeon Overview and Level Annotations

Branches:
Dungeon (2/15)

Altars:

Shops:
D:1 ?


Innate Abilities, Weirdness & Mutations

You have a pair of small horns on your head.
A meltable shield of frost defends you. (SH +4)


Message History

The magic dart hits the adder.
The adder is heavily wounded.
The magic dart hits the adder.
The adder is heavily wounded.
The magic dart hits the adder but does no damage.
The adder is heavily wounded.
The magic dart hits the adder but does no damage.
The adder is heavily wounded.
The adder bites you.
You are poisoned.
The adder poisons you! The adder bites you.
You are out of magic!
You are out of magic!
You are out of magic!
It was a potion of curing.
You feel better. The adder misses you.
You miss the adder. You headbutt the adder.
The adder is almost dead.
The adder barely misses you. The adder bites you.
You closely miss the adder.
The adder is almost dead.
The adder bites you but does no damage. The adder closely misses you.
You closely miss the adder. Your headbutt misses the adder.
You punch the adder.
You kill the adder!
You have reached level 3!
Your experience leads to an increase in your attributes!
Increase (S)trength, (I)ntelligence, or (D)exterity?
You feel clever. x2; Your demonic ancestry asserts itself...
Frost condenses into a shield before you.
There is an open door here.
You see here an adder corpse.
c - a scroll labelled YCKEEGR AGAX You now have 41 gold pieces (gained 6).
You open the door.
There is an open door here.
You now have 55 gold pieces (gained 14).
You open the door.
An endoplasm comes into view.
The endoplasm quivers.
Are you sure you want to abandon this character and quit the game? (Confirm with "yes".)

##### ############
..J...#######..........#
......#....##..........#
......'.....'..........+
#@...##..........#
#....##...)......#
#....##..........#
#....##..........#
#....##..........#
#....#######†#####
#....##...........
#....##.......####
#######.......#


You could see an endoplasm.

Vanquished Creatures
  An adder (D:2)
  A gnoll (D:1)
  2 dart slugs (D:2)
  A ball python (D:1)
  A giant cockroach (D:1)
  2 goblins
  A hobgoblin (D:1)
  A quokka (D:1)
  A bat (D:1)
  2 kobolds
13 creatures vanquished.

Notes
Turn   | Place    | Note
-------+----------+-------------------------------------------
     0 | D:1      | vishdafish the Demonspawn Conjurer began the quest for the
                  | Orb.
     0 | D:1      | Reached XP level 1. HP: 13/13 MP: 3/3
   202 | D:1      | Gained mutation: You have a pair of small horns on your
                  | head. [demonic ancestry]
   202 | D:1      | Reached XP level 2. HP: 10/19 MP: 3/5
   251 | D:1      | Found Gieny's Magic Scroll Emporium.
   269 | D:1      | Bought a scroll of teleportation for 36 gold pieces
   830 | D:2      | Gained mutation: A meltable shield of frost defends you.
                  | (SH +4) [demonic ancestry]
   830 | D:2      | Reached XP level 3. HP: 21/24 MP: 1/7
   921 | D:2      | Quit the game

Illustrated notes

Levels and vault maps discovered:
D:1:      dpeg_arrival_tiny_f, layout_basic, serial_shops, shop
D:2:      minmay_diamond_boxcup, layout_basic

Action                     || total
---------------------------++-------
  Melee: Long sword        ||     3
         Headbutt          ||     1
         Punch             ||     1
   Cast: Magic Dart        ||    31
    Use: Potion            ||     2
 Armour: Robe              ||     1
  Dodge: Dodged            ||     5

Table legend: (Time is in decaauts)
 A = Elapsed time spent in this place.
 B = Non-inter-level travel time spent in this place.
 C = Inter-level travel time spent in this place.
 D = Time resting spent in this place.
 E = Time spent auto-exploring this place.
 F = Levels seen in this place.
 G = Mean time per level.
                   A        B        C        D        E       F      G
               +--------+--------+--------+--------+--------+-----+--------+
         Total |    921 |    906 |     15 |      0 |    817 |   2 |  460.5 |
       Dungeon |    921 |    906 |     15 |      0 |    817 |   2 |  460.5 |
               +--------+--------+--------+--------+--------+-----+--------+

Top non-repeatable levels by time:
     D:1: 585 daAuts
     D:2: 335 daAuts
